AoeStats
← EmirR6S

Black Forest

506693943Analyzed
4v4 RM · 17d ago on Sep 14, 2026· 55m 20s· 8 players
Game mode
Random Map
Map size
Large (8 player)
Population
200
Speed
Normal
Resources
Standard
Victory
Conquest
Starting age
Dark Age
Ending age
Imperial Age
RankedLock teamsTeams togetherTeam positionsShared explorationLock speedFull tech treeHidden civsTurbo modeCheats
Victory
Defeat
🇷🇴 Teutons · Romania
898
+14
🇷🇴 Bohemians · Romania
876
+15
🇷🇴 Turks · Romania
827
+17
🇷🇴 Portuguese · Romania
788
+18
🇳🇱 Jurchens · Netherlands
911
-18
🇩🇪 Khmer · Germany
893
-18
🇯🇵 Slavs · Japan
835
-16
🇲🇽 Khmer · Mexico
754
-12
WatSollDennDat
1:32 Loom
13:46 Feudal Age
17:14 Castle Age
15:44 Double-Bit Axe
16:28 Horse Collar
20:29 Heavy Plow
21:09 Bow Saw
23:47 Heavy Plow
28:32 Stone Mining
28:45 Gold Mining
31:06 Wheelbarrow
33:09 Imperial Age
32:33 Gold Shaft Mining
32:46 Stone Shaft Mining
33:10 Ballistics
33:35 Hand Cart
34:30 Crop Rotation
34:15 Forging
34:13 Scale Barding Armor
33:45 Elite Ballista Elephant
35:47 Chemistry
35:05 Bloodlines
34:56 Husbandry
35:36 Double Crossbow
36:09 Caravan
36:08 Light Cavalry
37:46 Hussar
38:58 Tusk Swords
46:22 Elite Battle Elephant
murphyrh
1:03 Loom
14:52 Feudal Age
21:38 Castle Age
21:09 Double-Bit Axe
21:14 Horse Collar
32:36 Wheelbarrow
31:46 Town Watch
32:35 Caravan
32:37 Stone Mining
33:11 Bow Saw
37:58 Imperial Age
35:46 Hand Cart
35:32 Town Patrol
35:47 Gold Mining
36:33 Stone Shaft Mining
39:46 Chemistry
39:07 Ballistics
38:59 Fortified Wall
41:26 Siege Engineers
41:10 Heavy Scorpion
43:06 Coinage
42:13 Cavalier
42:53 Husbandry
43:04 Bloodlines
42:23 Capped Ram
43:59 Gold Shaft Mining
42:54 Elite Ballista Elephant
43:35 Tusk Swords
43:36 Double Crossbow
43:57 Conscription
43:08 Light Cavalry
44:05 Siege Ram
47:39 Devotion
49:28 Forging
49:19 Scale Mail Armor
49:25 Scale Barding Armor
49:20 Padded Archer Armor
49:11 Fletching
Maximumraver
1:55 Loom
12:39 Feudal Age
14:07 Wheelbarrow
15:50 Town Watch
21:43 Castle Age
19:46 Double-Bit Axe
19:49 Horse Collar
23:02 Town Patrol
25:32 Hand Cart
27:54 Gold Mining
31:22 Bow Saw
31:16 Heavy Plow
32:25 Gold Shaft Mining
36:54 Imperial Age
37:26 Padded Archer Armor
38:16 Caravan
39:17 Leather Archer Armor
42:14 Ring Archer Armor
43:59 Thunderclap Bombs
44:12 Conscription
kokokun
14:31 Feudal Age
19:00 Castle Age
17:11 Double-Bit Axe
17:10 Horse Collar
17:33 Stone Mining
17:54 Loom
18:43 Gold Mining
19:16 Fishing Lines
20:20 Bow Saw
22:13 Wheelbarrow
24:06 Hand Cart
26:18 Heavy Plow
26:10 Gillnets
27:25 Gold Shaft Mining
28:40 Squires
28:04 Pikeman
31:29 Imperial Age
32:07 Scale Mail Armor
32:18 Forging
31:54 Halberdier
32:58 Detinets
34:54 Crop Rotation
35:31 Two-Man Saw
36:21 Iron Casting
36:02 Chain Mail Armor
37:07 Scale Barding Armor
36:26 Elite Boyar
37:57 Masonry
38:48 Chemistry
38:09 Ballistics
37:46 Murder Holes
37:59 Siege Engineers
38:34 Hoardings
41:39 Blast Furnace
41:10 Plate Mail Armor
41:00 Chain Barding Armor
41:20 Husbandry
41:31 Bloodlines
41:25 Druzhina
41:14 Heavy Scorpion
MDS Destroyer
8:21 Loom
11:01 Feudal Age
15:06 Castle Age
13:34 Double-Bit Axe
18:00 Bow Saw
19:51 Wheelbarrow
21:12 Stone Mining
21:07 Horse Collar
24:47 Heavy Plow
24:45 Gold Mining
26:40 Circumnavigation
29:35 Imperial Age
27:31 Fletching
27:41 Padded Archer Armor
28:24 Stone Shaft Mining
28:56 Hand Cart
29:24 Bodkin Arrow
29:45 Leather Archer Armor
29:30 Town Watch
30:55 Conscription
31:07 Ballistics
31:00 Fortified Wall
32:40 Chemistry
32:50 Two-Man Saw
33:17 Caravan
33:30 Bracer
34:01 Ring Archer Armor
35:06 Crop Rotation
35:33 Arquebus
36:31 Siege Engineers
38:08 Elite Organ Gun
40:39 Masonry
40:46 Thumb Ring
EmirR6S
12:32 Feudal Age
18:02 Castle Age
17:06 Loom
17:25 Horse Collar
19:14 Wheelbarrow
20:24 Fervor
21:07 Double-Bit Axe
23:11 Heavy Plow
24:50 Hand Cart
28:18 Bow Saw
28:22 Town Watch
29:15 Caravan
31:48 Fortified Wall
32:40 Chemistry
34:54 Imperial Age
35:01 Imperial Age
31:57 Pikeman
32:21 Treadmill Crane
33:03 Ballistics
33:32 Squires
33:18 Arson
34:26 Forging
34:16 Scale Mail Armor
34:53 Town Patrol
35:06 Houfnice
36:26 Conscription
36:25 Halberdier
38:13 Illumination
38:09 Block Printing
38:34 Theocracy
39:10 Hussite Reforms
40:18 Chain Mail Armor
40:38 Iron Casting
39:55 Fletching
40:25 Wagenburg Tactics
42:01 Plate Mail Armor
41:20 Elite Hussite Wagon
43:37 Blast Furnace
42:33 Bodkin Arrow
42:38 Padded Archer Armor
47:51 Bracer
48:06 Leather Archer Armor
THE SUSPECT
0:33 Loom
12:12 Feudal Age
12:47 Double-Bit Axe
19:08 Castle Age
17:46 Gold Mining
18:53 Wheelbarrow
18:13 Horse Collar
20:32 Gold Shaft Mining
23:04 Hand Cart
23:34 Heavy Plow
24:08 Bow Saw
28:16 Stone Mining
32:02 Imperial Age
32:54 Caravan
34:55 Ballistics
35:17 Elite Janissary
36:18 Conscription
36:03 Artillery
40:16 Two-Man Saw
40:49 Padded Archer Armor
41:07 Forging
42:40 Heavy Camel Rider
43:21 Husbandry
43:32 Bloodlines
45:00 Leather Archer Armor
46:23 Ring Archer Armor
George Droyd
0:33 Loom
12:31 Feudal Age
16:15 Castle Age
16:13 Horse Collar
16:48 Double-Bit Axe
17:34 Stone Mining
21:06 Heavy Plow
25:17 Bow Saw
26:43 Wheelbarrow
26:29 Gold Mining
28:39 Hand Cart
32:57 Imperial Age
30:56 Ironclad
34:16 Crop Rotation
35:12 Two-Man Saw
34:18 Arson
34:34 Squires
36:34 Chemistry
35:29 Onager
36:16 Pikeman
38:04 Bloodlines
37:18 Elite Teutonic Knight
39:17 Siege Engineers
39:31 Scale Mail Armor
39:43 Forging
39:59 Caravan
39:50 Cavalier
41:07 Conscription
42:31 Chain Mail Armor
42:51 Iron Casting
45:31 Paladin
46:46 Plate Mail Armor
46:51 Iron Casting
54:15 Iron Casting
53:10 Halberdier
Connection lost

Rejoining the realm…

Still unreachable

The connection could not be restored.

Session expired

The server has moved on; the page needs a fresh start.